3AAA
NASHVILLE HOT CHICKENS @ AUSTIN BLACK MAMBAS
05/31/2054
 
TOP OF THE 1ST
Nashville Hot Chickens batting - Pitching for Austin Black Mambas : RHP Carlos Gómez
Pitching: RHP Carlos Gómez
Batting: RHB Ryan O'Callahan 0-0: Called Strike
0-1: Called Strike
0-2: Ball
1-2: Foul Ball, location: 2F
1-2: Ball
2-2: Ground out 1-3 (Groundball, 13S, EV 65.6 MPH)
Batting: SHB Michael Wright 0-0: Called Strike
0-1: Foul Ball, location: 2F
0-2: SINGLE (Flyball, 78S, EV 95.6 MPH)
Batting: SHB Waylon Meade 0-0: Called Strike
0-1: Hit by Pitch
Michael Wright to second
Batting: RHB Ramón Lemus 0-0: Called Strike
0-1: Fly out, F7 (Line Drive, 7D, EV 99.4 MPH)
Batting: LHB Jason Melton 0-0: Called Strike
0-1: Ball
1-1: Ball
2-1: Foul Ball, location: 2F
2-2: Strikes out looking
Top of the 1st over - 0 runs, 1 hit, 0 errors, 2 left on base; Nashville 0 - Austin 0
BOTTOM OF THE 1ST
Austin Black Mambas batting - Pitching for Nashville Hot Chickens : RHP Steve Crabtree
Pitching: RHP Steve Crabtree
Batting: LHB Bruce Booth 0-0: Ball
1-0: Called Strike
1-1: Bunted foul
1-2: Ball
2-2: Ball
3-2: Base on Balls
Batting: LHB Miguel Angel Ibáñez 0-0: Called Strike
0-1: Ball
1-1: Ball
2-1: Ball
3-1: Called Strike
3-2: Foul Ball, location: 2F
3-2: Foul Ball, location: 2F
3-2: Base on Balls
Bruce Booth to second
Batting: RHB Kuniyuki Sato 0-0: Called Strike
Bruce Booth steals 3rd base
Miguel Angel Ibáñez to second
0-1: Ball
1-1: Swinging Strike
1-2: Strikes out looking
Batting: RHB Francisco Aguilar 0-0: Called Strike
0-1: Ball
1-1: Ball
2-1: Ball
3-1: Called Strike
3-2: Strikes out swinging
Batting: LHB Jonny Dodds 0-0: Ball
1-0: DOUBLE (Line Drive, 3D, EV 95.6 MPH)
Bruce Booth scores
Miguel Angel Ibáñez scores
Batting: RHB Jon Anderson 0-0: Called Strike
0-1: SINGLE (Groundball, 56D, EV 105.6 MPH)
Jonny Dodds to third
Runner from 3rd tries for Home, SAFE, throw by LF to home
Batting: LHB Ron Stevenson 0-0: Called Strike
0-1: Fly out, F8 (Flyball, 78M, EV 84.4 MPH)
Bottom of the 1st over - 3 runs, 2 hits, 0 errors, 1 left on base; Nashville 0 - Austin 3
TOP OF THE 2ND
Nashville Hot Chickens batting - Pitching for Austin Black Mambas : RHP Carlos Gómez
Batting: LHB Tadasu Ogasahara 0-0: Called Strike
0-1: Called Strike
0-2: Fly out, F8 (Flyball, 8RM, EV 93.8 MPH)
Batting: RHB Arturo Medina 0-0: Ball
1-0: Ball
2-0: Called Strike
2-1: SINGLE (Groundball, 56D, EV 94.4 MPH)
Batting: RHB Stephen Clifton 0-0: Called Strike
0-1: Ball
1-1: Called Strike
1-2: 2-RUN HOME RUN (Flyball, 78XD, EV 115.6 MPH), Distance : 453 ft
Batting: LHB Yoshitaka Ogasahara 0-0: Ball
1-0: Foul Ball, location: 2F
1-1: Fly out, F5 (Popup, 25F, EV 85.6 MPH)
Batting: RHB Ryan O'Callahan 0-0: Called Strike
0-1: Ball
1-1: Reached on error, E5 (Groundball, 5, EV 103.1 MPH)
Batting: SHB Michael Wright 0-0: Ball
1-0: Fly out, F6 (Popup, 6M, EV 67.5 MPH)
Top of the 2nd over - 2 runs, 2 hits, 1 error, 1 left on base; Nashville 2 - Austin 3
BOTTOM OF THE 2ND
Austin Black Mambas batting - Pitching for Nashville Hot Chickens : RHP Steve Crabtree
Batting: RHB Bogdashka Eremkin 0-0: Foul Ball, location: 2F
0-1: Ball
1-1: Swinging Strike
1-2: SINGLE (Line Drive, 56D, EV 108.1 MPH)
Batting: RHB Cal Moore 0-0: Ball
1-0: Reached on error, E6 (Groundball, 56, EV 109.4 MPH)
Bogdashka Eremkin to second
Batting: LHB Bruce Booth 0-0: Foul Ball, location: 2F
0-1: Foul Ball, location: 2F
0-2: Ball
1-2: Ball
2-2: Ball
3-2: SINGLE (Groundball, 6D, EV 106.2 MPH)
Bogdashka Eremkin to third
Cal Moore to second
Runner from 3rd tries for Home, SAFE, throw by CF to home
Batting: LHB Miguel Angel Ibáñez 0-0: Called Strike
0-1: Ball
1-1: SINGLE (Line Drive, 56, EV 103.8 MPH)
Cal Moore to third
Bruce Booth to second
Batting: RHB Kuniyuki Sato 0-0: Ball
1-0: Called Strike
1-1: Foul Ball, location: 2F
1-2: Foul Ball, location: 2F
1-2: Ball
2-2: Ball
3-2: Foul Ball, location: 2F
3-2: Strikes out swinging
Batting: RHB Francisco Aguilar 0-0: Called Strike
0-1: Grounds into double play, 6-4-3 (Groundball, 6, EV 86.9 MPH)
Bottom of the 2nd over - 1 run, 3 hits, 1 error, 2 left on base; Nashville 2 - Austin 4
TOP OF THE 3RD
Nashville Hot Chickens batting - Pitching for Austin Black Mambas : RHP Carlos Gómez
Batting: SHB Waylon Meade 0-0: Called Strike
0-1: Ball
1-1: Foul Ball, location: 2F
1-2: Ball
2-2: Fly out, F7 (Flyball, 7D, EV 88.8 MPH)
Batting: RHB Ramón Lemus 0-0: Ball
1-0: Ball
2-0: Ball
3-0: Called Strike
3-1: Base on Balls
Batting: LHB Jason Melton 0-0: Ball
1-0: Foul Ball, location: 2F
1-1: Fly out, F5 (Flyball, 5D, EV 87.5 MPH)
Batting: LHB Tadasu Ogasahara 0-0: Called Strike
0-1: Foul Ball, location: 2F
0-2: Ball
1-2: Ball
2-2: Foul Ball, location: 2F
2-2: Strikes out looking
Top of the 3rd over - 0 runs, 0 hits, 0 errors, 1 left on base; Nashville 2 - Austin 4
BOTTOM OF THE 3RD
Austin Black Mambas batting - Pitching for Nashville Hot Chickens : RHP Steve Crabtree
Batting: LHB Jonny Dodds 0-0: Ball
1-0: Ball
2-0: Ball
3-0: Base on Balls
Batting: RHB Jon Anderson 0-0: Foul Ball, location: 2F
0-1: Reached on error, E3 (Groundball, 34, EV 85.0 MPH)
Jonny Dodds to second
Batting: LHB Ron Stevenson 0-0: Ball
1-0: Foul Ball, location: 2F
1-1: Ball
Wild Pitch!
Jonny Dodds to third
Jon Anderson to second
2-1: Ground out 6-3 (Groundball, 6M, EV 86.2 MPH)
Jonny Dodds scores
Jon Anderson to third
Batting: RHB Bogdashka Eremkin 0-0: Ball
1-0: Called Strike
1-1: Ball
2-1: Ball
3-1: Ground out 1-3 (Groundball, 13, EV 71.9 MPH)
Batting: RHB Cal Moore 0-0: Ball
1-0: Ball
2-0: Fly out, F9 (Flyball, 9S, EV 89.4 MPH)
Bottom of the 3rd over - 1 run, 0 hits, 1 error, 1 left on base; Nashville 2 - Austin 5
TOP OF THE 4TH
Nashville Hot Chickens batting - Pitching for Austin Black Mambas : RHP Carlos Gómez
Batting: RHB Arturo Medina 0-0: Foul Ball, location: 2F
0-1: Ball
1-1: Foul Ball, location: 2F
1-2: Strikes out swinging
Batting: RHB Stephen Clifton 0-0: Ball
1-0: Ball
2-0: Ground out 4-3 (Groundball, 4D, EV 101.9 MPH)
Batting: LHB Yoshitaka Ogasahara 0-0: Called Strike
0-1: Ball
1-1: Swinging Strike
1-2: Ball
2-2: SOLO HOME RUN (Flyball, 9LD, EV 95.0 MPH), Distance : 354 ft
Batting: RHB Ryan O'Callahan 0-0: Called Strike
0-1: Swinging Strike
0-2: Ball
1-2: Ball
2-2: Fly out, F9 (Flyball, 9D, EV 107.5 MPH)
Top of the 4th over - 1 run, 1 hit, 0 errors, 0 left on base; Nashville 3 - Austin 5
BOTTOM OF THE 4TH
Austin Black Mambas batting - Pitching for Nashville Hot Chickens : RHP Steve Crabtree
Batting: LHB Bruce Booth 0-0: Ball
1-0: Called Strike
1-1: Called Strike
1-2: SINGLE (Groundball, 15S, EV 69.4 MPH) (infield hit)
Batting: LHB Miguel Angel Ibáñez 0-0: Fly out, F9 (Line Drive, 9S, EV 86.2 MPH)
Batting: RHB Kuniyuki Sato 0-0: Ball
1-0: Fly out, F8 (Line Drive, 78M, EV 90.6 MPH)
Batting: RHB Francisco Aguilar 0-0: Ball
1-0: Fly out, F8 (Flyball, 8RS, EV 86.2 MPH)
Bottom of the 4th over - 0 runs, 1 hit, 0 errors, 1 left on base; Nashville 3 - Austin 5
TOP OF THE 5TH
Nashville Hot Chickens batting - Pitching for Austin Black Mambas : RHP Carlos Gómez
Batting: SHB Michael Wright 0-0: Ball
1-0: DOUBLE (Groundball, 3L, EV 105.0 MPH)
Batting: SHB Waylon Meade 0-0: Called Strike
0-1: Ball
1-1: 2-RUN HOME RUN (Flyball, 9D, EV 93.8 MPH), Distance : 375 ft
Pitching: RHP Katsunosuki Hirayama
Batting: RHB Ramón Lemus 0-0: Ball
1-0: Ball
2-0: Foul Ball, location: 2F
2-1: Foul Ball, location: 2F
2-2: Foul Ball, location: 2F
2-2: Ball
3-2: Foul Ball, location: 2F
3-2: Base on Balls
Batting: LHB Jason Melton 0-0: Ball
1-0: Fly out, F8 (Line Drive, 8RD, EV 93.8 MPH)
Batting: LHB Tadasu Ogasahara 0-0: Called Strike
0-1: Foul Ball, location: 2F
0-2: Foul Ball, location: 2F
0-2: Foul Ball, location: 2F
0-2: Strikes out swinging
Batting: RHB Arturo Medina 0-0: Called Strike
0-1: SINGLE (Line Drive, 4D, EV 98.1 MPH)
Ramón Lemus to second
Batting: RHB Stephen Clifton 0-0: Ball
1-0: Called Strike
1-1: Fly out, F9 (Flyball, 9S, EV 90.0 MPH)
Top of the 5th over - 2 runs, 3 hits, 0 errors, 2 left on base; Nashville 5 - Austin 5
BOTTOM OF THE 5TH
Austin Black Mambas batting - Pitching for Nashville Hot Chickens : RHP Steve Crabtree
Batting: LHB Jonny Dodds 0-0: DOUBLE (Flyball, 8RXD, EV 102.5 MPH)
Batting: RHB Jon Anderson 0-0: Swinging Strike
0-1: Foul Ball, location: 2F
0-2: Ball
1-2: Ball
2-2: Foul Ball, location: 2F
2-2: Strikes out looking
Batting: LHB Ron Stevenson 0-0: Called Strike
0-1: Ball
1-1: Called Strike
1-2: Strikes out looking
Batting: RHB Bogdashka Eremkin 0-0: Fly out, F9 (Flyball, 89M, EV 93.8 MPH)
Bottom of the 5th over - 0 runs, 1 hit, 0 errors, 1 left on base; Nashville 5 - Austin 5
TOP OF THE 6TH
Nashville Hot Chickens batting - Pitching for Austin Black Mambas : RHP Katsunosuki Hirayama
Batting: LHB Yoshitaka Ogasahara 0-0: Foul Ball, location: 2F
0-1: Called Strike
0-2: SOLO HOME RUN (Flyball, 7D, EV 101.9 MPH), Distance : 413 ft
Batting: RHB Ryan O'Callahan 0-0: Called Strike
0-1: Ball
1-1: Ball
2-1: Ball
3-1: Called Strike
3-2: Strikes out swinging
Batting: SHB Michael Wright 0-0: Called Strike
0-1: Ball
1-1: Swinging Strike
1-2: Foul Ball, location: 2F
1-2: Foul Ball, location: 2F
1-2: Foul Ball, location: 2F
1-2: SINGLE (Line Drive, 78M, EV 90.6 MPH)
Batting: SHB Waylon Meade 0-0: Ball
1-0: Called Strike
1-1: Called Strike
1-2: Strikes out swinging
Batting: RHB Ramón Lemus 0-0: Ball
Michael Wright steals 2nd base
1-0: Called Strike
1-1: Foul Ball, location: 2F
1-2: Fly out, F9 (Flyball, 9LD, EV 95.0 MPH)
Top of the 6th over - 1 run, 2 hits, 0 errors, 1 left on base; Nashville 6 - Austin 5
BOTTOM OF THE 6TH
Austin Black Mambas batting - Pitching for Nashville Hot Chickens : RHP Steve Crabtree
Batting: RHB Cal Moore 0-0: Ground out 6-3 (Groundball, 6, EV 102.5 MPH)
Batting: LHB Bruce Booth 0-0: Ball
1-0: Ground out U3 (Groundball, 3, EV 100.0 MPH)
Batting: LHB Miguel Angel Ibáñez 0-0: Ball
1-0: Swinging Strike
1-1: Ground out 4-3 (Groundball, 4M, EV 94.4 MPH)
Bottom of the 6th over - 0 runs, 0 hits, 0 errors, 0 left on base; Nashville 6 - Austin 5
TOP OF THE 7TH
Nashville Hot Chickens batting - Pitching for Austin Black Mambas : RHP Katsunosuki Hirayama
Batting: LHB Jason Melton 0-0: Ball
1-0: Foul Ball, location: 2F
1-1: Called Strike
1-2: Foul Ball, location: 2F
1-2: Ball
2-2: Ground out 1-3 (Groundball, 15S, EV 76.2 MPH)
Batting: LHB Tadasu Ogasahara 0-0: Called Strike
0-1: Fly out, F8 (Flyball, 8LD, EV 95.6 MPH)
Batting: RHB Arturo Medina 0-0: Foul Ball, location: 2F
0-1: Ball
1-1: Ball
2-1: Swinging Strike
2-2: Ball
3-2: Base on Balls
Pitching: LHP Pat Pierce
Batting: RHB Stephen Clifton 0-0: Called Strike
0-1: Ball
1-1: Fielders Choice at 2nd, 5-4 (Groundball, 56, EV 104.4 MPH)
Top of the 7th over - 0 runs, 0 hits, 0 errors, 1 left on base; Nashville 6 - Austin 5
BOTTOM OF THE 7TH
Austin Black Mambas batting - Pitching for Nashville Hot Chickens : RHP Steve Crabtree
Batting: RHB Kuniyuki Sato 0-0: Ball
1-0: Foul Ball, location: 2F
1-1: Foul Ball, location: 2F
1-2: Ball
2-2: Fly out, F8 (Flyball, 8LXD, EV 95.0 MPH)
Pitching: LHP Eduardo Martínez
Batting: RHB Francisco Aguilar 0-0: Swinging Strike
0-1: Ball
1-1: Swinging Strike
1-2: Fly out, F8 (Flyball, 8LXD, EV 94.4 MPH)
Batting: LHB Jonny Dodds 0-0: Ball
1-0: Foul Ball, location: 2F
1-1: Ball
2-1: SINGLE (Groundball, 3D, EV 103.1 MPH)
Batting: RHB Jon Anderson 0-0: Called Strike
0-1: Ball
1-1: Foul Ball, location: 2F
1-2: Fly out, F9 (Flyball, 9LSF, EV 88.1 MPH)
Bottom of the 7th over - 0 runs, 1 hit, 0 errors, 1 left on base; Nashville 6 - Austin 5
TOP OF THE 8TH
Nashville Hot Chickens batting - Pitching for Austin Black Mambas : LHP Pat Pierce
Pinch Hitting: RHB Dong-su Yun 0-0: Called Strike
0-1: Fly out, F8 (Flyball, 8LM, EV 90.0 MPH)
Batting: RHB Ryan O'Callahan 0-0: Ball
1-0: Ball
2-0: Called Strike
2-1: Ball
3-1: Ground out 4-3 (Groundball, 4, EV 84.4 MPH)
Batting: SHB Michael Wright 0-0: Ball
1-0: Fly out, F8 (Flyball, 8LM, EV 89.4 MPH)
Top of the 8th over - 0 runs, 0 hits, 0 errors, 0 left on base; Nashville 6 - Austin 5
BOTTOM OF THE 8TH
Austin Black Mambas batting - Pitching for Nashville Hot Chickens : LHP Eduardo Martínez
Now in RF: Derek Tyerman
Batting: LHB Ron Stevenson 0-0: Ball
1-0: Swinging Strike
1-1: Ball
2-1: Ground out 4-3 (Groundball, 34, EV 102.5 MPH)
Batting: RHB Bogdashka Eremkin 0-0: Called Strike
0-1: Ball
1-1: Called Strike
1-2: Strikes out swinging
Batting: RHB Cal Moore 0-0: Ball
1-0: Foul Ball, location: 2F
1-1: Ball
2-1: Fly out, F8 (Flyball, 8RM, EV 85.0 MPH)
Bottom of the 8th over - 0 runs, 0 hits, 0 errors, 0 left on base; Nashville 6 - Austin 5
TOP OF THE 9TH
Nashville Hot Chickens batting - Pitching for Austin Black Mambas : LHP Pat Pierce
Batting: SHB Waylon Meade 0-0: SOLO HOME RUN (Flyball, 8LXD, EV 111.9 MPH), Distance : 455 ft
Batting: RHB Ramón Lemus 0-0: Ball
1-0: Ball
2-0: Foul Ball, location: 2F
2-1: Foul Ball, location: 2F
2-2: Foul Ball, location: 2F
2-2: Fly out, F9 (Flyball, 9D, EV 100.6 MPH)
Batting: LHB Jason Melton 0-0: Called Strike
0-1: SINGLE (Line Drive, 56D, EV 102.5 MPH)
Batting: LHB Tadasu Ogasahara 0-0: Ball
1-0: Called Strike
1-1: Ball
2-1: Swinging Strike
2-2: SINGLE (Groundball, 6S, EV 66.9 MPH) (infield hit)
Jason Melton to second
Batting: RHB Arturo Medina 0-0: Ball
1-0: Swinging Strike
1-1: Fly out, F8 (Flyball, 8LXD, EV 93.8 MPH)
Runner from 2nd tags up, SAFE at 3rd, no throw by CF
Batting: RHB Stephen Clifton 0-0: Swinging Strike
0-1: Ball
1-1: Called Strike
1-2: Ball
2-2: Ball
3-2: Ground out 6-3 (Groundball, 6M, EV 90.6 MPH)
Top of the 9th over - 1 run, 3 hits, 0 errors, 2 left on base; Nashville 7 - Austin 5
BOTTOM OF THE 9TH
Austin Black Mambas batting - Pitching for Nashville Hot Chickens : LHP Eduardo Martínez
Pitching: RHP Gerry Wells
Batting: LHB Bruce Booth 0-0: Ball
1-0: Ball
2-0: Ball
3-0: Base on Balls
Batting: LHB Miguel Angel Ibáñez 0-0: Foul Ball, location: 2F
0-1: Ball
1-1: Fly out, F7 (Line Drive, 7, EV 93.8 MPH)
Pinch Hitting: SHB Raúl Hernández 0-0: Ball
1-0: Foul Ball, location: 2F
1-1: Ball
2-1: SINGLE (Groundball, 56D, EV 102.5 MPH)
Bruce Booth to second
Batting: RHB Francisco Aguilar 0-0: Called Strike
0-1: Ball
1-1: Ball
2-1: Foul Ball, location: 2F
2-2: Fly out, F8 (Flyball, 8RM, EV 90.0 MPH)
Batting: LHB Jonny Dodds 0-0: Ball
1-0: Called Strike
1-1: Ball
2-1: Ball
3-1: Base on Balls
Bruce Booth to third
Raúl Hernández to second
Batting: RHB Jon Anderson 0-0: Foul Ball, location: 2F
0-1: Fly out, F7 (Flyball, 78M, EV 91.9 MPH)
Bottom of the 9th over - 0 runs, 1 hit, 0 errors, 3 left on base; Nashville 7 - Austin 5
Monday, April 1st , 2024 - OOTP Baseball 23.10 Build 110